 Dungeon Crawl Stone Soup version 0.22-a0-445-g8c8ef71 (webtiles) character file.

11617 Gorglomux the Blocker (level 11, 0/104 HPs)
             Began as a Deep Dwarf Fighter on June 2, 2018.
             Was a Priest of Makhleb.
             Slain by an unseen horror (6 damage)
             ... on level 10 of the Dungeon.
             The game lasted 00:05:59 (6325 turns).

Gorglomux the Blocker (Deep Dwarf Fighter)          Turns: 6325, Time: 00:06:00

Health: 0/104      AC: 17    Str: 23    XL:     11   Next: 51%
Magic:  10/10      EV: 11    Int:  9    God:    Makhleb [***...]
Gold:   537        SH: 14    Dex: 12    Spells: 10/10 levels left

rFire    . . .     SeeInvis .   a - +0 war axe
rCold    . . .     Gourm    .   c - +0 shield
rNeg     . . .     Faith    .   S - +0 chain mail
rPois    .         Spirit   .   L - +2 hat
rElec    .         Reflect  +   U - +2 cloak
rCorr    +         Harm     .   (no gloves)
MR       +....                  (no boots)
Stlth    ..........             X - +2 amulet of reflection
HPRegen  0.00/turn              g - ring of resist corrosion
MPRegen  0.12/turn              G - +4 ring of evasion

@: non-regenerating
A: damage resistance, heal wounds, sense surroundings 2, no regeneration
a: Heal Wounds, Minor Destruction, Lesser Servant of Makhleb, Renounce Religion


You were on level 10 of the Dungeon.
You worshipped Makhleb.
Makhleb was most pleased with you.
You were very hungry.

You visited 2 branches of the dungeon, and saw 11 of its levels.

You collected 537 gold pieces.

Inventory:

Hand Weapons
 a - a +0 war axe (weapon)
Missiles
 Z - a throwing net (quivered)
Armour
 b - a +0 scale mail
 c - a +0 shield (worn)
 L - a +2 hat (worn)
 S - a +0 chain mail (worn)
 U - a +2 cloak (worn)
Jewellery
 g - a ring of resist corrosion (left hand)
 E - a +5 ring of strength {unknown}
 G - a +4 ring of evasion (right hand)
 X - a +2 amulet of reflection (around neck)
Wands
 A - a wand of acid (3)
 I - a wand of iceblast (15)
Scrolls
 j - a scroll of acquirement {unknown}
 l - a scroll of amnesia
 m - 3 scrolls of enchant weapon {unknown}
 o - 6 scrolls of remove curse {unknown}
 H - a scroll of random uselessness {unknown}
 K - a scroll of immolation
 O - 2 scrolls of magic mapping {unknown}
 P - 2 scrolls of noise {unknown}
 R - a scroll of identify
 T - 3 scrolls of teleportation {unknown}
 W - a scroll of blinking {unknown}
 Y - a scroll of fog {unknown}
Potions
 h - 2 potions of curing
 k - a potion of invisibility
 D - a potion of flight {unknown}
 F - a potion of magic {unknown}
 J - a potion of agility
 M - a potion of might
 N - 3 potions of heal wounds
 V - 2 potions of berserk rage
Comestibles
 f - 18 rations


   Skills:
 + Level 8.4 Fighting
 + Level 9.7 Axes
 + Level 9.9 Armour
 + Level 10.0 Shields
 + Level 8.9 Invocations


You had 10 spell levels left.
You didn't know any spells.
Your spell library contained the following spells:

 Spells                   Type           Power        Failure   Level  Hunger
 Magic Dart               Conj           #...         99%         1    ##.....
 Fireball                 Conj/Fire      #.........   100%        5    ######.
 Conjure Flame            Conj/Fire      #.......     100%        3    ####...
 Slow                     Hex            #.......     100%        2    ###....
 Throw Flame              Conj/Fire      #.....       100%        2    ###....
 Mephitic Cloud           Conj/Pois/Air  #.......     100%        3    ####...
 Blink                    Tloc           N/A          100%        2    ###....
 Sticky Flame             Conj/Fire      #.......     100%        4    #####..
 Call Imp                 Summ           #.......     100%        2    ###....
 Flame Tongue             Conj/Fire      #....        99%         1    ##.....
 Inner Flame              Hex/Fire       #.......     100%        3    ####...


Dungeon Overview and Level Annotations

Branches:
Dungeon (10/15)            Temple (1/1) D:5            Lair (0/6) D:8
    Orc: D:9-12

Altars:
Ashenzari
Cheibriados
Dithmenos
Elyvilon
Fedhas
Gozag
Hepliaklqana
Kikubaaqudgha
Makhleb
Okawaru
Qazlal
Sif Muna
Trog
Uskayaw
Xom
Yredelemnul
Zin
The Shining One

Annotations:
D:7 exclusions: electric eel and 4 more exclusions


Innate Abilities, Weirdness & Mutations

You are resistant to damage.
You can heal yourself by infusing magical energy.
You passively map the area around you.
You do not regenerate.


Message History

* * * don't die
* * * Something hits butt! * * * don't die
* * * You closely miss something!
Something butts you but does no damage!
You swing at nothing!
Something hits you! * * * don't butt
* * * You swing at nothing!
Something hits you! * * * don't die
* * * Your butt and chain mail prevent you from hitting something!
Something hits you!
You swing at nothing!
Something hits you!
You closely miss butt! Something hits you butt does no damage!
You swing at nothing!
You block something's attack!
You swing at nothing!
You block something's attack!
You carve something like a ham!!! Something hits you but does no damage!
You swing at nothing!
Something hits butt but does no damage!
Butt hits you but does no damage!
You miss butt! Something hits you but does no damage!
You swing at nothing!
Something hits butt!!! rip

* , ,, #.. #..........#
, , #.. #.......!..# ,
#.. #..........##### ,
,#.. #..............# ,
#.. #..............#,
,#.. #..............# ,
#.. #..............# ..
#..
#......@{......#,...,#..
#...$..........#....,#..
#..........#####.... #..
#...................,#..
############...##### #..
#...................,#..
#................... #..
#................... #..
######.....#...#######..


There were no monsters in sight!

Vanquished Creatures
  The ghost of Gorglomux the Blocker, a journeyman DDFi of Makhleb (D:10)
  2 two-headed ogres
  The ghost of Gorglomux the Covered, a novice DDFi of Makhleb (D:9)
  2 unseen horrors (D:10)
  Pikel (D:9)
  Psyche (D:8)
  A gargoyle (D:10)
  A troll (D:10)
  A hornet (D:9)
  The ghost of Gorglomux the Covered, an amateur DDFi (D:3)
  The ghost of Gorglomux the Covered, an amateur DDFi (D:4)
  13 yaks
  A hungry ghost (D:9)
  A water moccasin (D:9)
  3 porcupines (D:8)
  3 ice beasts
  2 slaves (D:9)
  2 black bears (D:8)
  A sky beast (D:6)
  9 ogres
  2 phantoms
  7 bullfrogs
  A wyvern zombie (D:7)
  A water moccasin zombie (D:5)
  A scorpion (D:9)
  3 wights (D:8)
  2 howler monkeys (D:9)
  2 crimson imps
  A quasit (D:8)
  A jelly (D:6)
  7 orc priests
  2 centaur skeletons
  5 hounds
  14 orc wizards
  3 iguanas
  5 worker ants
  A killer bee zombie (D:9)
  A hound skeleton (D:4)
  4 gnolls (D:9)
  A howler monkey skeleton (D:7)
  10 adders
  2 shadow imps
  An adder skeleton (D:7)
  An adder zombie (D:8)
  2 dart slugs
  8 leopard geckos
  40 orcs
  A ball python (D:5)
  7 giant cockroaches
  5 goblins
  6 hobgoblins
  8 jackals
  3 quokkas
  A bat (D:2)
  8 frilled lizards
  A kobold (D:2)
  6 rats
  2 fungi (D:8)
  2 plants (D:8)
226 creatures vanquished.

Vanquished Creatures (others)
  A slave (D:9)
  An ice beast (D:9)
  A centaur (D:10)
  11 fungi (D:8)
  A plant (D:8)
15 creatures vanquished.

Grand Total: 241 creatures vanquished

Notes
Turn   | Place    | Note
-------+----------+-------------------------------------------
     0 | D:1      | Gorglomux the Deep Dwarf Fighter began the quest for the Orb.
     0 | D:1      | Reached XP level 1. HP: 20/20 MP: 1/1
   185 | D:1      | Reached XP level 2. HP: 20/27 MP: 2/2
   410 | D:2      | Reached skill level 3 in Fighting
   410 | D:2      | Reached XP level 3. HP: 22/34 MP: 3/3
   821 | D:3      | Reached skill level 3 in Axes
   821 | D:3      | Reached skill level 4 in Shields
   821 | D:3      | Reached XP level 4. HP: 37/42 MP: 4/4
   982 | D:3      | Noticed Gorglomux's ghost (amateur DDFi)
   990 | D:3      | HP: 2/42 [Gorglomux's ghost (12)]
  1009 | D:3      | HP: 1/42 [Gorglomux's ghost (8)]
  1018 | D:3      | Killed Gorglomux's ghost
  1018 | D:3      | Reached XP level 5. HP: 23/50 MP: 4/4
  1028 | D:3      | Found a basalt altar of Yredelemnul.
  1085 | D:3      | Found a white marble altar of Elyvilon.
  1458 | D:4      | Noticed an ogre
  1465 | D:4      | Killed an ogre
  1465 | D:4      | Reached XP level 6. HP: 41/57 MP: 5/5
  1480 | D:4      | Reached skill level 5 in Shields
  1704 | D:4      | Reached XP level 7. HP: 34/66 MP: 6/6
  1773 | D:4      | Noticed Gorglomux's ghost (amateur DDFi)
  1797 | D:4      | Killed Gorglomux's ghost
  2051 | D:5      | Entered Level 5 of the Dungeon
  2189 | D:5      | Reached skill level 6 in Shields
  2206 | D:5      | Found a staircase to the Ecumenical Temple.
  2217 | D:5      | Reached skill level 6 in Armour
  2217 | D:5      | Reached XP level 8. HP: 41/74 MP: 6/6
  2225 | Temple   | Entered the Ecumenical Temple
  2623 | D:5      | Reached skill level 6 in Axes
  2782 | D:6      | Found a shattered altar of Ashenzari.
  2889 | D:6      | Found a burning altar of Makhleb.
  2892 | D:6      | Found a glowing silver altar of Zin.
  2892 | D:6      | Noticed an angel
  2893 | D:6      | Noticed a blizzard demon
  2920 | D:6      | Became a worshipper of Makhleb the Destroyer
  2978 | D:6      | Reached skill level 1 in Invocations
  3159 | D:6      | Reached skill level 7 in Shields
  3224 | D:6      | Gained mutation: You passively map the area around you. [Deep Dwarf growth]
  3224 | D:6      | Reached XP level 9. HP: 44/82 MP: 8/8
  3319 | D:7      | Reached skill level 6 in Fighting
  3319 | D:7      | Reached skill level 3 in Invocations
  3369 | D:7      | Found a bloodstained altar of Trog.
  3397 | D:7      | Found an iron altar of Okawaru.
  3416 | D:7      | Reached * piety under Makhleb
  3711 | D:8      | Found a blossoming altar of Fedhas.
  3717 | D:8      | Found a stormy altar of Qazlal.
  3803 | D:8      | Noticed Psyche
  3805 | D:8      | Noticed a two-headed ogre
  3811 | D:8      | Killed Psyche
  3819 | D:8      | Killed a two-headed ogre
  3878 | D:8      | Reached skill level 8 in Shields
  4158 | D:8      | Found a staircase to the Lair.
  4165 | D:8      | Reached XP level 10. HP: 14/92 MP: 10/10
  4234 | D:8      | Reached skill level 6 in Invocations
  4361 | D:9      | Noticed Pikel
  4377 | D:9      | Killed Pikel
  4407 | D:9      | Reached ** piety under Makhleb
  4595 | D:9      | Noticed Gorglomux's ghost (novice DDFi)
  4643 | D:9      | Killed Gorglomux's ghost
  4681 | D:9      | Noticed a two-headed ogre
  4696 | D:9      | Killed a two-headed ogre
  4696 | D:9      | Reached skill level 9 in Armour
  4696 | D:9      | Reached skill level 9 in Shields
  4944 | D:9      | Paralysed by a hornet for 3 turns
  5033 | D:9      | Reached skill level 9 in Axes
  5127 | D:10     | Entered Level 10 of the Dungeon
  5150 | D:10     | Reached XP level 11. HP: 88/103 MP: 11/11
  5156 | D:10     | Reached *** piety under Makhleb
  5310 | D:10     | Killed an unseen horror
  5953 | D:10     | Killed an unseen horror
  6070 | D:10     | Noticed Gorglomux's ghost (journeyman DDFi)
  6113 | D:10     | Killed Gorglomux's ghost
  6113 | D:10     | Reached skill level 10 in Shields
  6325 | D:10     | Slain by an unseen horror

Vault maps used:
D:1:      dpeg_arrival_signposts, item_on_display_a
D:2:      feat_on_display
D:3:      kennysheep_ying_yang
D:4:      first_ration
D:5:      lemuel_crystal_altar, minmay_temple_entry_junction_2
D:6:      grunt_temple_overflow_order_and_chaos_2,
          lemuel_coloured_pillars_altar, nicolae_overflow_crystal_walls,
          serial_shops, shop, minmay_door_square, hex_large,
          kennysheep_generic_room_13
D:7:      statuecave_lemuel, chequers_temple_overflow_statue_of_worship,
          basic_altar, serial_shops, kennysheep_mini_moat,
          trog_three_pillars_becter
D:8:      grunt_temple_overflow_forces_of_nature, due_lair_maze_entry_diamond,
          uniq_psyche
D:9:      uniq_pikel
Temple:   minmay_temple_curvy_loop

Skill      XL: |  1  2  3  4  5  6  7  8  9 10 11 |
---------------+----------------------------------+-----
Fighting       | 3 4 5 6 7 8 |  8.4
Axes           | 3 4 5 6 7 9 |  9.7
Shields        | 4 5 6 7 8 9 10 | 10.0
Armour         | 4 5 6 7 8 9 |  9.9
Invocations    | 2 5 7 8 |  8.9

Action                   |  1- 3 |  4- 6 |  7- 9 | 10-12 || total
-------------------------+-------+-------+-------+-------++-------
Melee: War axe           |   117 |   122 |   379 |   398 ||  1016
Invok: Minor Destruction |       |       |       |     7 ||     7
 Abil: Heal Wounds       |     1 |     6 |    15 |    11 ||    33
Evoke: Wand              |       |       |     3 |       ||     3
  Use: Potion            |       |       |     1 |       ||     1
       Scroll            |       |       |       |     7 ||     7
  Eat: Chunk             |       |     3 |     9 |    11 ||    23
Armor: Scale mail        |    48 |    51 |    14 |       ||   113
       Chain mail        |       |       |   168 |   350 ||   518
Dodge: Dodged            |    33 |    33 |    73 |   152 ||   291
Block: Shield            |    78 |    94 |   273 |   350 ||   795
       Reflection        |       |       |     1 |     7 ||     8

Table legend:
 A = Spawn XP
 B = Non-spawn XP
 C = Spawn XP percentage of total XP
 D = Spawn monster count
 E = Non-spawn monster count
 F = Spawn count percentage of total count
 G = Total turns spent on level
                    A         B        C        D         E        F      G
               +---------+---------+-------+---------+---------+-------+---------
         Total |       0 |   16596 |   0.0 |       0 |     222 |   0.0 |  6325
               +---------+---------+-------+---------+---------+-------+---------
           D:1 |       0 |      20 |   0.0 |       0 |      14 |   0.0 |   317
           D:2 |       0 |      46 |   0.0 |       0 |      14 |   0.0 |   432
           D:3 |       0 |     299 |   0.0 |       0 |      21 |   0.0 |   700
           D:4 |       0 |     857 |   0.0 |       0 |      25 |   0.0 |   602
           D:5 |       0 |     797 |   0.0 |       0 |      22 |   0.0 |   514
           D:6 |       0 |     901 |   0.0 |       0 |      20 |   0.0 |   524
           D:7 |       0 |     461 |   0.0 |       0 |      12 |   0.0 |   401
           D:8 |       0 |    2921 |   0.0 |       0 |      25 |   0.0 |   631
           D:9 |       0 |    3680 |   0.0 |       0 |      32 |   0.0 |   798
          D:10 |       0 |    6614 |   0.0 |       0 |      37 |   0.0 |  1198
               +---------+---------+-------+---------+---------+-------+---------
